[Event "Klass I-IV 2025"]
[Site "Uppsala, Sweden"]
[Date "2025.07.01"]
[Round "2.1"]
[White "Andersson, Gorgen"]
[Black "Wingborg, Mats"]
[Result "1/2-1/2"]
[TimeControl "90 min for 40 move + 30 min with an increment of 30 sec starting move 1"]
[WhiteFideId "1707698"]
[BlackFideId "1748114"]
[WhiteElo "1891"]
[BlackElo "1951"]

1. e4 e5 2. Nf3 Nc6 3. Bc4 Nf6 4. c3 Nxe4 5. Qe2 d5 6. Bb5 Bd6 7. d3 Nf6 8. Nxe5 Bxe5 9. Qxe5+ Qe7 10. Qxe7+ Kxe7 11. O-O h6 12. Bf4 Kd8 13. Nd2 Bf5 14. Nf3 Ne7 15. h3 Ng6 16. Bh2 a6 17. Nd4 Bc8 18. Ba4 c5 19. Nf3 Bf5 20. Rfd1 b5 21. Bb3 Kd7 22. c4 d4 23. cxb5 Be6 24. Bxe6+ fxe6 25. bxa6 Rxa6 26. Rdc1 Rc8 27. a3 Kc6 28. Nxd4+ Kd5 29. Nf3 Rca8 30. Rc3 e5 31. Rac1 Nd7 32. Nd2 Rb8 33. Nb3 Rb5 34. Nd2 Rxb2 35. Nc4 Ra2 36. Bg3 Nf4 37. Bxf4 exf4 38. Re1 Re6 39. Rxe6 Kxe6 40. Rb3 g5 41. Rb7 Ra1+ 42. Kh2 Rd1 43. Rb3 Kd5 44. a4 Kd4 45. Nb2 Ra1 46. g3 Ne5 47. gxf4 gxf4 48. Kg2 h5 49. Rb5 h4 50. Rb8 f3+ 51. Kh2 Kc3 52. Rb5 Nxd3 53. Nxd3 Kxd3 54. Rxc5 Rxa4 55. Rc1 Ra2 56. Kg1 Ke2 57. Rb1 Rd2 58. Rb3 Rd1+ 59. Kh2 Rf1 60. Rb2+ Kd3 61. Rd2+ 1/2-1/2

[Event "Klass I-IV 2025"]
[Site "Uppsala, Sweden"]
[Date "2025.07.01"]
[Round "2.2"]
[White "Haftorsson, Jon Ulfur"]
[Black "Dahlblom Sundin, Love"]
[Result "1/2-1/2"]
[TimeControl "90 min for 40 move + 30 min with an increment of 30 sec starting move 1"]
[WhiteFideId "2323206"]
[BlackFideId "1769065"]
[WhiteElo "1873"]
[BlackElo "1840"]

1. d4 d5 2. Nc3 Nf6 3. Bf4 e6 4.
e3 a6 5.
Nf3 Bb4 6. Bd3 c5 7. dxc5 Qa5 8. O-O Bxc3 9. bxc3 Qxc5 10. Be5 Nbd7 11. Qd2 O-O 12. Bxf6 Nxf6 13. Ne5 g6 14. c4 dxc4 15.
Nxc4 Rd8 16. Qa5 Qxa5 17. Nxa5 Nd5 18. Rab1 b5 19. Be4 e5 20. Nc6 Nc3 21. Nxd8 Nxe4 22. Rbd1 Nc3 23. Rd3 Nxa2 24.
Nc6 Be6 25. Rfd1 Kg7 26. Rd8 Rxd8 27. Rxd8 Bf5 28. Ra8 Bxc2 29. Rxa6 Bb3 30. Rb6 Bc4 31. Nxe5 Be2 32. Rb7 b4 33.
Rxf7+ Kg8 34. Rb7 Bd1 35. Nd3 b3 36. f3 Bc2 37. Nb2 Nc3 38. e4 h5 39. Kf2 Kf8 40. Ke3 Ke8 41. Kd4 Ne2+ 42.
Ke5 Kd8 43. Kd6 Kc8 44. Rb6 Nd4 45. Kc5 Kc7 46. Rxg6 Ne2 47. Rg7+ Kc8 48. Kd6 Nd4 49. Kc5 Ne6+ 50. Kd6 Nxg7 51.
Ke7 h4 52. g4 hxg3 53. hxg3 Nh5 54. g4 Nf4 55. g5 Ng6+ 56. Kf6 Nf4 57. g6 Kd7 58. g7 Nh5+ 59. Kf7 Nxg7 60. Kxg7 Ke6 61.
Kg6 Bxe4 62. fxe4 Ke5 1/2-1/2

[Event "Klass I-IV 2025"]
[Site "Uppsala, Sweden"]
[Date "2025.07.01"]
[Round "2.3"]
[White "Krusa, Gustav"]
[Black "Johansson, Stina"]
[Result "1-0"]
[TimeControl "90 min for 40 move + 30 min with an increment of 30 sec starting move 1"]
[WhiteFideId "1751867"]
[BlackFideId "1739026"]
[WhiteElo "1614"]
[BlackElo "1719"]

1. d4 d5 2. Nf3 e6 3. Bf4 Nf6 4. e3 c5 5. Nbd2 Nc6 6. c3 Nh5 7. Bg5 Be7 8. Bxe7 Qxe7 9. Ne5 Nf6 10.
f4 Nxe5 11. fxe5 Nd7 12. Nf3 O-O 13. Bd3 h6 14. O-O f6 15. exf6 Nxf6 16. Ne5 Ne4 17. Bxe4 dxe4 18. Qg4 Bd7 19.
Rxf8+ Rxf8 20. Ng6 Qd6 21. Nxf8 Kxf8 22. Qxe4 Qb6 23. Rf1+ Ke7 24. Qe5 cxd4 25. exd4 Bc6 26. Qxg7+ Kd6 27.
Rf7 Bd5 28. Qf8+ Kc6 29. Qe8+ Kd6 30. Qd7# 1-0

[Event "Klass I-IV 2025"]
[Site "Uppsala, Sweden"]
[Date "2025.07.01"]
[Round "2.4"]
[White "Ohlund, Anders"]
[Black "Svensson, Christina"]
[Result "1-0"]
[TimeControl "90 min for 40 move + 30 min with an increment of 30 sec starting move 1"]
[WhiteFideId "1713620"]
[BlackFideId "1767518"]
[WhiteElo "1537"]
[BlackElo "1543"]

1. e4 c5 2. Nf3 e6 3. c3 Nc6 4. d4 cxd4 5. cxd4 Nf6 6. e5 Nd5 7. Bc4 Na5 8. Bxd5 exd5 9. O-O Be7 10.
Nc3 O-O 11. Nxd5 d6 12. Nxe7+ Qxe7 13. Qa4 Nc6 14. b3 Qc7 15. exd6 Qa5 16. Qxa5 Nxa5 17. Ba3 Rd8 18. Rfe1 Be6 19.
Rac1 Nc6 20. Rcd1 Bd5 21. Ne5 a5 22. Nxc6 bxc6 23. Bc5 Rab8 24. Re7 Be6 25. Re1 g6 26. h3 Kg7 27. Ra7 Ra8 28.
Rxa8 Rxa8 29. Bb6 a4 30. bxa4 Rxa4 31. Rxe6 fxe6 32. d7 Ra8 33. d8=Q Rxd8 34. Bxd8 Kf7 35. a4 Ke8 36. Bb6 Kd7 37. a5 Kc8 38. a6 h5 39.
h4 1-0

[Event "Klass I-IV 2025"]
[Site "Uppsala, Sweden"]
[Date "2025.07.02"]
[Round "3.1"]
[White "Iversen, Kent"]
[Black "Halvarsson, Peter"]
[Result "1-0"]
[TimeControl "90 min for 40 move + 30 min with an increment of 30 sec starting move 1"]
[WhiteFideId "1712390"]
[BlackFideId "1701843"]
[WhiteElo "2001"]
[BlackElo "1943"]

1. c4 g6 2. Nc3 Bg7 3. g3 c5 4. Bg2 Nc6 5. Nf3 Nf6 6. d4 cxd4 7. Nxd4 O-O 8. O-O Ng4 9. e3 Nge5 10. b3 d6 11. Bb2 Bd7 12. Qd2 Rc8 13. Kh1 Bh6 14. f4 Nxd4 15. exd4 Nc6 16. Qf2 Bg7 17. Rad1 Bg4 18. Rd2 b6 19. h3 Bd7 20. Ne4 f5 21. Ng5 Bf6 22. Bd5+ Kg7 23. Ne6+ Bxe6 24. Bxe6 Rc7 25. d5 Nb4 26. g4 fxg4 27. hxg4 h6 28. Qe3 Rh8 29. Kg2 Qf8 30. g5 Bxb2 31. Rxb2 Na6 32. Qd4+ Kh7 33. f5 Qg7 34. fxg6+ Kxg6 35. Qe4+ Kh5 36. Qg4+ Kg6 37. Qf5+ Kh5 38. Rh1# 1-0

[Event "Klass I-IV 2025"]
[Site "Uppsala, Sweden"]
[Date "2025.07.02"]
[Round "3.2"]
[White "Jonsson, Alice"]
[Black "Smeds, Joakim"]
[Result "1-0"]
[TimeControl "90 min for 40 move + 30 min with an increment of 30 sec starting move 1"]
[WhiteFideId "1719130"]
[BlackFideId "1762591"]
[WhiteElo "1833"]
[BlackElo "1760"]

1. e4 c6 2. Nf3 d5 3. Nc3 dxe4 4. Nxe4 Nf6 5. Qe2 Nxe4 6. Qxe4 Be6 7. d4 Nd7 8. c4 Nf6 9. Qh4 g6 10.
Bd3 Bg7 11. h3 Bf5 12. Bxf5 Qa5+ 13. Bd2 Qxf5 14. O-O h6 15. Bb4 a5 16. Ba3 g5 17. Qg3 g4 18. Qc7 O-O 19. hxg4 Nxg4 20.
Qxb7 Qf4 21. Qxe7 Bxd4 22. Bd6 Bxf2+ 23. Rxf2 Qxc4 24. Ne5 Nxe5 25. Bxe5 Qg4 26. Qf6 Kh7 27. Raf1 Ra7 28. Rf3 Rg8 29.
Rg3 Qxg3 30. Bxg3 Rxg3 31. Qf2 1-0

[Event "Klass I-IV 2025"]
[Site "Uppsala, Sweden"]
[Date "2025.07.02"]
[Round "3.3"]
[White "Karrlander, Gunnar"]
[Black "Nyberg, Per"]
[Result "1/2-1/2"]
[TimeControl "90 min for 40 move + 30 min with an increment of 30 sec starting move 1"]
[WhiteFideId "1711695"]
[BlackFideId "1716743"]
[WhiteElo "1759"]
[BlackElo "1672"]

1. Nf3 g6 2. c4 Bg7 3. d4 h6 4. Nc3 a6 5. e4 d6 6. Be3 Nd7 7. Be2 e6 8. Qd2 Ne7 9. O-O-O b6 10.
g4 Bb7 11. h4 Nf6 12. d5 e5 13. Nh2 Nd7 14. Nf1 Bc8 15. Ng3 Nc5 16. h5 g5 17. Nf5 Bxf5 18. gxf5 Bf6 19. f3 Ng8 20.
Kb1 Qd7 21. Qc2 Qd8 22. Rc1 Ne7 23. Nd1 Nb7 24. Nf2 Ng8 25. Ng4 Nc5 26. Rhd1 Be7 27. Bd2 Nf6 28. Rh1 Nxg4 29. fxg4 f6 30.
Be3 O-O 31. Ka1 1/2-1/2

[Event "Klass I-IV 2025"]
[Site "Uppsala, Sweden"]
[Date "2025.07.03"]
[Round "4.2"]
[White "Andersson, Elsa"]
[Black "Olsson, Linn"]
[Result "1-0"]
[TimeControl "90 min for 40 move + 30 min with an increment of 30 sec starting move 1"]
[WhiteFideId "1757300"]
[BlackFideId "1722514"]
[WhiteElo "1810"]
[BlackElo "1765"]

1. e4 e5 2. Nf3 Nc6 3. Bc4 Bc5 4. c3 Nf6 5. d3 O-O 6. O-O d6 7. Nbd2 Bg4 8. Re1 a6 9. a4 a5 10.
Nf1 Qc8 11. Be3 Bxe3 12. Nxe3 Bh5 13. h3 Ne7 14. Nf1 Bxf3 15. Qxf3 Ng6 16. Ne3 Nf4 17. Nf5 Qd7 18. d4 Ng6 19.
Rad1 Qxa4 20. b3 Qd7 21. h4 b5 22. Bf1 exd4 23. cxd4 d5 24. e5 Ne4 25. Qg4 h5 26. Nh6+ 1-0

[Event "Klass I-IV 2025"]
[Site "Uppsala, Sweden"]
[Date "2025.07.03"]
[Round "4.3"]
[White "Ostensson, Jorgen"]
[Black "Eiserman, Daniel"]
[Result "1-0"]
[TimeControl "90 min for 40 move + 30 min with an increment of 30 sec starting move 1"]
[WhiteFideId "1751590"]
[BlackFideId "1786431"]
[WhiteElo "1682"]
[BlackElo "1583"]

1. e4 c5 2. Nc3 Nc6 3. Nf3 g6 4. Bc4 Bg7 5. O-O e6 6. a3 a6 7. Re1 b5 8. Ba2 Nge7 9. d3 O-O 10.
Bg5 Qc7 11. Rb1 Bb7 12. Bxe7 Nxe7 13. Ne2 d5 14. Ng3 dxe4 15. dxe4 Rfd8 16. Qe2 c4 17. b3 cxb3 18. Bxb3 Qa5 19.
h4 Qxa3 20. h5 Qc5 21. hxg6 hxg6 22. e5 Rd7 23. Ng5 Bh6 24. Nxe6 Qc6 25. Qe4 Qxe6 26. Bxe6 Bxe4 27. Bxd7 Bxc2 28.
Rb2 Bd3 29. e6 fxe6 30. Bxe6+ Kf8 31. Rb3 Bc2 32. Rf3+ Ke8 33. Bd5 Rd8 34. Bc6+ Rd7 35. Bxd7+ Kxd7 36. Rf7 Bg5 37. Ne4 Bxe4 38.
Rxe4 Kd6 39. f4 Nc6 40. fxg5 1-0

[Event "Klass I-IV 2025"]
[Site "Uppsala, Sweden"]
[Date "2025.07.04"]
[Round "5.1"]
[White "Linusson, Lasse"]
[Black "Wincent, Ingemar"]
[Result "1/2-1/2"]
[TimeControl "90 min for 40 move + 30 min with an increment of 30 sec starting move 1"]
[WhiteFideId "1708805"]
[BlackFideId "1714759"]
[WhiteElo "1909"]
[BlackElo "1940"]

1. e4 e6 2. Nf3 d5 3. e5 c5 4. b4 c4 5. a3 a5 6. b5 a4 7. d3 Qa5+ 8. Bd2 Qxb5 9. Nc3 Qc5 10. dxc4 dxc4 11. Qe2 Nd7 12. Ne4 Qd5 13. Bc3 Nc5 14. Nxc5 Bxc5 15. Qxc4 Ne7 16. Bd3 1/2-1/2

[Event "Klass I-IV 2025"]
[Site "Uppsala, Sweden"]
[Date "2025.07.04"]
[Round "5.2"]
[White "Rehnberg, Karl-Oskar"]
[Black "Fahlberg, Kenneth"]
[Result "0-1"]
[TimeControl "90 min for 40 move + 30 min with an increment of 30 sec starting move 1"]
[WhiteFideId "1781995"]
[BlackFideId "1747444"]
[WhiteElo "1811"]
[BlackElo "1863"]

1. e4 c5 2. Nf3 Nc6 3. d4 cxd4 4. Nxd4 g6 5. c4 Nf6 6. Nc3 Nxd4 7. Qxd4 d6 8. Be3 Bg7 9. Be2 O-O 10.
Qd3 Ng4 11. Bxg4 Bxg4 12. O-O Be6 13. Bd4 Rc8 14. b3 a6 15. Bxg7 Kxg7 16. Qd4+ Kg8 17. f4 f6 18. f5 Bf7 19.
fxg6 hxg6 20. Nd5 Kg7 21. Nc3 Rh8 22. a4 Rh5 23. Rad1 Qc7 24. Kh1 d5 25. e5 Qxe5 26. Qxe5 Rxe5 27.
Nxd5 Bxd5 28. cxd5 Rd8 29. Rc1 Rexd5 30. Kg1 Rd3 31. Rc7 R8d7 32. Rfc1 Kf7 33. R1c3 Rxc3 34. Rxc3 e5 35. Kf2 Ke6 36.
Ke3 Rh7 37. h3 Rd7 38. Rc8 Rd4 39. Re8+ Kf5 40. Rc8 Rb4 41. Rc3 Kg5 42. g3 f5 43. Kf3 a5 44. h4+ Kh5 45. Re3 b5 46.
axb5 Rxb5 47. Rc3 g5 48. hxg5 Kxg5 49. Re3 e4+ 50. Kf2 Kg4 51. Kf1 Rd5 52. Rc3 Rd3 53. Rc5 Rxb3 54. Rxa5 Rxg3 55.
Ra8 Rb3 56. Ke2 Kf4 57. Rh8 Rb2+ 58. Ke1 Kg3 59. Rg8+ Kf3 60. Rh8 Rb1+ 61. Kd2 e3+ 62. Kc2 e2 0-1

[Event "Klass I-IV 2025"]
[Site "Uppsala, Sweden"]
[Date "2025.07.04"]
[Round "5.3"]
[White "Andersen, Peter"]
[Black "Olsson, Magnus"]
[Result "1/2-1/2"]
[TimeControl "90 min for 40 move + 30 min with an increment of 30 sec starting move 1"]
[WhiteFideId "1726420"]
[BlackFideId "1718568"]
[WhiteElo "1721"]
[BlackElo "1742"]

1. e4 d5 2. exd5 Qxd5 3. Nc3 Qa5 4. Nf3 Nf6 5. Be2 c6 6. O-O Bg4 7. d4 e6 8. Ne5 Bxe2 9. Qxe2 Bd6 10.
Nc4 Qc7 11. Nxd6+ Qxd6 12. Rd1 O-O 13. Ne4 Nxe4 14. Qxe4 Nd7 15. Bg5 Rfe8 16. Rd3 Qd5 17. Qg4 Qf5 18. Qh4 f6 19. Bd2 Rad8 20.
Rc1 Nf8 21. Bc3 Rd5 22. Re3 Qg5 23. Qh3 Qf5 24. Qg3 Qg6 25. Qc7 Qf7 26. Qg3 1/2-1/2

[Event "Klass I-IV 2025"]
[Site "Uppsala, Sweden"]
[Date "2025.07.04"]
[Round "5.4"]
[White "Viknander, Sandra"]
[Black "Svensson, Christina"]
[Result "0-1"]
[TimeControl "90 min for 40 move + 30 min with an increment of 30 sec starting move 1"]
[WhiteFideId "1793217"]
[BlackFideId "1767518"]
[WhiteElo "1489"]
[BlackElo "1543"]

1. e4 c5 2. Nf3 e6 3. d4 cxd4 4. Nxd4 Nc6 5. Nc3 a6 6. Be3 Nf6 7. a3 Qc7 8. Be2 b5 9. b4 Bb7 10. O-O Ne5 11. Bf4 Nxe4 12. Nxe4 Bxe4 13.
Bxe5 Qxe5 14. f4 Qc7 15. Bf3 Bxf3 16. Qxf3 Rd8 17. Qg3 g6 18. Rae1 Bg7 19. Nf5 Bf6 20. Nh6 Qxc2 21. Qf3 Kf8 22.
Re5 Kg7 23. Ng4 Bxe5 24. fxe5 Qf5 25. Qh3 Qh5 26. Qf3 Rhf8 27. Qf6+ Kg8 28. Nf2 Qf5 29. Qh4 Qxe5 30. g4 d5 31.
Qh6 Qg7 32. Qh4 g5 33. Qh5 Qg6 34. Qh3 d4 35. Nd3 f6 36. Nc5 Rd6 37. Qg3 e5 38. Qf3 h6 39. Ne4 Re6 40. Qb3 Qf7 41.
Qd5 Kg7 42. Rxf6 Rxf6 43. Qxe5 Kg8 44. Qe7 0-1

[Event "Klass I-IV 2025"]
[Site "Uppsala, Sweden"]
[Date "2025.07.05"]
[Round "6.1"]
[White "Johansson, Roland"]
[Black "Kleimark, Anders"]
[Result "0-1"]
[TimeControl "90 min for 40 move + 30 min with an increment of 30 sec starting move 1"]
[WhiteFideId "1716123"]
[BlackFideId "1709968"]
[WhiteElo "1903"]
[BlackElo "1955"]

1. e4 c5 2. Nf3 d6 3. d4 cxd4 4. Nxd4 Nf6 5. Nc3 a6 6. f4 e5 7. Nf3 Nbd7 8. Bd3 b5 9. a3 Bb7 10. O-O Be7 11. Qe1 O-O 12. h3 Re8 13. Be3 a5 14. fxe5 dxe5 15. Bxb5 Qc7 16. Rd1 Red8 17. Bxd7 Nxd7 18. Qf2 Rdb8 19. Ng5 Nf6 20. Bb6 Qc4 21. Nd5 Bxd5 22. exd5 Rxb6 23. b3 Qc5 24. d6 Qxf2+ 25. Rxf2 Rxd6 26. Rxd6 Bxd6 27. Rd2 Bxa3 0-1

[Event "Klass I-IV 2025"]
[Site "Uppsala, Sweden"]
[Date "2025.07.05"]
[Round "6.2"]
[White "Walinder, Jonas"]
[Black "Johansson, Sigge"]
[Result "1/2-1/2"]
[TimeControl "90 min for 40 move + 30 min with an increment of 30 sec starting move 1"]
[WhiteFideId "1720546"]
[BlackFideId "1742612"]
[WhiteElo "1822"]
[BlackElo "1820"]

1. Nf3 c5 2. c4 g6 3. g3 Bg7 4. Bg2 Nc6 5. O-O e6 6. e4 Nge7 7. Nc3 O-O 8. d3 d5 9. exd5 exd5 10.
Nxd5 Nxd5 11. cxd5 Qxd5 12. Ng5 Qd8 13. Ne4 Qa5 14. Bd2 Qb5 15. Bc3 Nd4 16. Nd6 Qd7 17. Nxc8 Raxc8 18. Re1 b6 19.
Rb1 Rfe8 20. Qd2 Re6 21. Bxd4 Bxd4 22. Re4 Rce8 23. Rbe1 f5 24. Rxe6 Rxe6 25. Rxe6 Qxe6 26. b3 1/2-1/2

[Event "Klass I-IV 2025"]
[Site "Uppsala, Sweden"]
[Date "2025.07.05"]
[Round "6.3"]
[White "Johansson, Stina"]
[Black "Lindblad, Vigor"]
[Result "0-1"]
[TimeControl "90 min for 40 move + 30 min with an increment of 30 sec starting move 1"]
[WhiteFideId "1739026"]
[BlackFideId "1752910"]
[WhiteElo "1719"]
[BlackElo "1735"]

1. e4 c5 2. Nf3 Nc6 3. d4 cxd4 4. Nxd4 g6 5. c3 Bg7 6. Be3 Nf6 7. Bd3 O-O 8. O-O d5 9. Nxc6 bxc6 10.
Nd2 Rb8 11. Rb1 Qc7 12. h3 Rd8 13. Qc2 e5 14. Nb3 dxe4 15. Bc4 Nd5 16. Rbd1 Be6 17. Nc5 Nxe3 18. Nxe6 Rxd1 19. Rxd1 Nxc2 20.
Nxc7 e3 21. Kf1 Rxb2 22. Rd7 e2+ 23. Bxe2 Rb1+ 24. Bd1 Nd4 25. Ke1 Nb5 26. Kd2 Bh6+ 27. Ke1 Nxc3 28. Ne8 Rxd1+ 29. Rxd1 Nxd1 30.
Kxd1 Bf8 31. Nf6+ Kg7 32. Ng4 Bd6 33. Ke2 f5 34. Ne3 Kf6 35. Kd3 Bc5 36. Nd1 Bd4 37. f3 h5 38. a4 h4 39.
a5 Kg5 40. a6 Kf4 41. Ke2 c5 42. Kd3 Kg3 43. Kc4 Kxg2 44. Kb5 Kxh3 45. Kc6 Kg3 46. Kb7 c4 47. Nc3 Bxc3 48. Kxa7 h3 49.
Kb7 Bd4 50. a7 Bxa7 51. Kxa7 h2 52. Kb6 h1=Q 53. Kc5 Qd1 54. Kxc4 Qd4+ 55. Kb5 Qc3 56. Kb6 Kxf3 57. Kb5 e4 58.
Kb6 e3 59. Kb5 e2 60. Kb6 e1=Q 61. Kb5 Qb1+ 62. Ka4 Qca1# 0-1

[Event "Klass I-IV 2025"]
[Site "Uppsala, Sweden"]
[Date "2025.07.06"]
[Round "7.1"]
[White "Palmblad, Jan Peter"]
[Black "Holmgren, Peter"]
[Result "1-0"]
[TimeControl "90 min for 40 move + 30 min with an increment of 30 sec starting move 1"]
[WhiteFideId "1705512"]
[BlackFideId "1713906"]
[WhiteElo "1943"]
[BlackElo "1925"]

1. e4 e5 2. Nf3 Nc6 3. d4 exd4 4. Nxd4 Nxd4 5. Qxd4 Qf6 6. Qc4 c6 7. Nc3 d6 8. Be3 Qg6 9. O-O-O Nf6 10. h3 Nd7 11. f4 Nb6 12. Qe2 f5 13. exf5 1-0

[Event "Klass I-IV 2025"]
[Site "Uppsala, Sweden"]
[Date "2025.07.06"]
[Round "7.2"]
[White "Garner, Marten"]
[Black "Lindebaum, Andre J"]
[Result "1/2-1/2"]
[TimeControl "90 min for 40 move + 30 min with an increment of 30 sec starting move 1"]
[WhiteFideId "1712136"]
[BlackFideId "24647772"]
[WhiteElo "1824"]
[BlackElo "1776"]

1. d4 b5 2. Nf3 Bb7 3. Bf4 Nf6 4. e3 c5 5. dxc5 e6 6. Nbd2 Bxc5 7. Bxb5 Qb6 8. Be2 d5 9. O-O O-O 10.
Nb3 Be7 11. h3 Nc6 12. Ne5 Nxe5 13. Bxe5 Ne4 14. Qd4 Bf6 15. Bxf6 Nxf6 16. Qxb6 axb6 17. Nd4 Ne4 18. Rfc1 Nd6 19.
Bd3 Ra5 20. Nb3 Ra4 21. Nd2 Rfa8 22. a3 Ba6 23. Nf3 Bb7 24. Nd4 R4a5 25. c4 dxc4 26. Bxc4 Nxc4 27. Rxc4 Rg5 28. g3 Bd5 29.
Rb4 e5 30. Nb5 Bf3 31. Rc1 h5 32. Nd6 Rg6 33. Nf5 Kh7 34. Nh4 Rc6 35. Rxc6 Bxc6 36. Rxb6 Be4 37. f3 Bd3 38. Rd6 e4 39. fxe4 Bxe4 40.
Kf2 Rc8 41. Rd2 Rc6 42. Ng2 Rf6+ 43. Kg1 Rf3 44. Kh2 g5 45. b4 Rf1 46. a4 Ra1 47. b5 f5 48. b6 Rxa4 49. Rb2 Ra8 50.
Kg1 Kg7 51. Kf2 Kf6 52. Ne1 Rb8 53. Nf3 g4 54. Nd2 gxh3 55. Nxe4+ fxe4 56. Kg1 Kf5 57. Kh2 Kg4 58. b7 Kf3 59.
Rb3 Kg4 60. Rb5 Kf3 61. Rb3 Kg4 62. Rb5 Kf3 1/2-1/2

[Event "Klass I-IV 2025"]
[Site "Uppsala, Sweden"]
[Date "2025.07.06"]
[Round "7.3"]
[White "Muntean, Adrian"]
[Black "Morell, Adam"]
[Result "1/2-1/2"]
[TimeControl "90 min for 40 move + 30 min with an increment of 30 sec starting move 1"]
[WhiteFideId "1054457"]
[BlackFideId "1736760"]
[WhiteElo "1667"]
[BlackElo "1669"]

1. e4 c5 2. c3 Nf6 3. e5 Nd5 4. d4 cxd4 5. cxd4 d6 6. Nf3 Nc6 7. Bd3 e6 8. a3 Be7 9. O-O O-O 10.
Qc2 f5 11. exf6 Nxf6 12. Bg5 h6 13.
Bh4 Bd7 14. Nc3 Rc8 15. Rac1 a6 16. Rfe1 1/2-1/2